 Dungeon Crawl Stone Soup version 0.31-a0-265-gcf7e37af1d (webtiles) character file.

Game seed: 9141576307701755036

153 qw the Shooter (level 5, -10/45 HPs)
             Began as a Minotaur Hexslinger on July 13, 2023.
             Killed by nerve-wracking pain
             ... invoked by Grinder
              (14 damage)
             ... on level 3 of the Dungeon.
             The game lasted 00:00:57 (2099 turns).

qw the Shooter (Minotaur Hexslinger)                Turns: 2099, Time: 00:00:58

Health: -10/45     AC:  8    Str: 13    XL:     5   Next: 12%
Magic:  5/5        EV: 12    Int: 10    God:
Gold:   160        SH:  0    Dex: 14    Spells: 5/6 levels left

rFire   . . .        Y - +2 sling
rCold   . . .        (no shield)
rNeg    . . .        e - +0 leather armour
rPois   .            (helmet restricted)
rElec   .            g - +0 cloak
rCorr   .            (no gloves)
SInv    .            (no boots)
Will    .....        (no amulet)
Stlth   +            m - +4 ring of protection
HPRegen 0.27/turn    (no ring)
MPRegen 0.09/turn

%: no passive effects
@: no status effects
A: horns 2, retaliatory headbutt
a: no special abilities


You were on level 3 of the Dungeon.
You visited 1 branch of the dungeon, and saw 3 of its levels.

You collected 160 gold pieces.


Innate Abilities, Weirdness & Mutations

You have a pair of horns on your head.
You reflexively headbutt those who attack you in melee.


   Skills:
 - Level 3.2 Fighting
 + Level 5.1 Ranged Weapons
 - Level 2.1 Dodging
 - Level 1.0 Spellcasting
 - Level 2.0 Hexes


You had 5 spell levels left.
You knew the following spells:

 Your Spells              Type           Power      Damage    Failure   Level
a - Slow                  Hex            16%        N/A       19%         1

Your spell library contained the following spells:

 Spells                   Type           Power      Damage    Failure   Level
 Inner Flame              Hex/Fire       2%         N/A       65%         3
 Portal Projectile        Hex/Tloc       4%         N/A       65%         3
 Cause Fear               Hex            2%         N/A       88%         4

Inventory:

Hand Weapons
 Y - a +2 sling (weapon)
Armour
 e - a +0 leather armour (worn)
 g - a +0 cloak (worn)
Jewellery
 b - a ring of fire
 m - a +4 ring of protection (left hand)
Scrolls
 a - 2 scrolls of fog {unknown}
 c - a scroll of identify
Potions
 d - a potion of magic {unknown}
 i - a potion of curing {unknown}
 j - a potion of enlightenment
 l - a potion of berserk rage {unknown}

Dungeon Overview and Level Annotations

Branches:
Dungeon (3/15)

Altars:
Ashenzari
Trog
Uskayaw
Vehumet

Annotations:
D:1 1 transporter
D:3 Grinder


Message History

Grinder closely misses you. You furiously retaliate!
You headbutt Grinder. You shoot a sling bullet. The sling bullet hits Grinder.
Grinder is severely wounded.
Grinder closely misses you.
You shoot a sling bullet.
The sling bullet closely misses Grinder.
Grinder gestures at you. You resist with significant effort.
You shoot a sling bullet. The sling bullet barely misses Grinder.
Grinder hits you.
You writhe in agony.
Grinder says, "You look like you could use a good racking."
Grinder hits you.
You writhe in agony.
You shoot a sling bullet. The sling bullet barely misses Grinder.
Grinder gestures at you.
You suddenly lose the ability to move!
Grinder rolls her eyes.
Grinder gestures at you.
You shrug off the repeated paralysis!
Grinder hits you but does no damage.
An adder comes into view.
Grinder hits you. Grinder gestures at you. Pain shoots through your body!
You can move again.
You shoot a sling bullet. The sling bullet barely misses Grinder.
The adder hisses angrily.
Grinder blinks!
You shoot a sling bullet. The sling bullet misses the adder.
You shoot a sling bullet.
The sling bullet completely misses the adder.
The sling bullet barely misses Grinder.
The adder barely misses you. You furiously retaliate!
You headbutt the adder, but do no damage.
You shoot a sling bullet. The sling bullet hits the adder.
The adder is heavily wounded.
The adder misses you. You furiously retaliate!
You headbutt the adder!
You kill the adder!
Grinder gestures at you. Pain shoots through your body!
You die...

#...##.###+#####.
#...##.# #...##.#
##.....# ####..#
###..# #....#
#.#..# #..@.#
###..# #..# #5.#
#..# #... ##.# .#


You could see Grinder.

Vanquished Creatures
  Jessica (D:3)
  Ijyb (D:3)
  2 gnolls (D:3)
  3 adders
  A worm (D:2)
  A dart slug (D:2)
  3 ball pythons (D:1)
  7 endoplasms
  A giant cockroach (D:2)
  9 goblins
  5 hobgoblins
  2 jackals (D:1)
  4 quokkas
  7 bats
  6 frilled lizards
  4 kobolds
  5 rats
62 creatures vanquished.

Notes
Turn   | Place    | Note
-------+----------+-------------------------------------------
     0 | D:1      | qw the Minotaur Hexslinger began the quest for the Orb.
     0 | D:1      | Reached XP level 1. HP: 16/16 MP: 1/1
     0 | D:1      | 0 ||| qw: Version: 0.3-a-52-g30416fa
     0 | D:1      | 0 ||| qw: Game counter: 7641
     0 | D:1      | 0 ||| qw: Melee chars always use a shield: true
     0 | D:1      | 0 ||| qw: God list: Okawaru
     0 | D:1      | 0 ||| qw: Allow faded altars: false
     0 | D:1      | 0 ||| qw: Do Orc after clearing Dungeon:15 true
     0 | D:1      | 0 ||| qw: Do second Lair branch before Depths: true
     0 | D:1      | 0 ||| qw: Lair rune preference: random
     0 | D:1      | 0 ||| qw: Goals: Normal
     0 | D:1      | 0 ||| PLANNING D:1-11
   147 | D:1      | Reached skill level 3 in Ranged Weapons
   154 | D:1      | HP: 3/16 [goblin/+2 antimagic dagger (3)]
   156 | D:1      | Reached XP level 2. HP: 2/23 MP: 0/2
   431 | D:1      | Reached XP level 3. HP: 29/29 MP: 3/3
   453 | D:1      | Found a faded altar of an unknown god.
   696 | D:1      | 696 ||| UPGRADING to +0 leather armour.
   706 | D:1      | 706 ||| DROPPING +0 robe.
   707 | D:1      | 707 ||| UPGRADING to +0 cloak.
   712 | D:1      | 712 ||| READING scroll labelled NUG ORYERGHE.
   713 | D:1      | 713 ||| READING scroll labelled DUKEUJ NOLOACK.
   714 | D:1      | 714 ||| DRINKING 2 fuming orange potions.
   715 | D:1      | 715 ||| DROPPING scroll of poison.
   778 | D:2      | Reached skill level 4 in Ranged Weapons
  1112 | D:2      | Reached XP level 4. HP: 30/36 MP: 4/4
  1483 | D:2      | 1483 ||| DROPPING ring of wizardry.
  1484 | D:2      | 1484 ||| UPGRADING to +4 ring of protection.
  1485 | D:2      | 1485 ||| READING scroll labelled KOUR XOLELEWK.
  1486 | D:2      | 1486 ||| READING scroll labelled FANIKO WALOINT.
  1487 | D:2      | 1487 ||| READING scroll labelled GIOTHR TI DOSOSCH.
  1490 | D:2      | 1490 ||| READING scroll labelled QILAN WIUNESK.
  1591 | D:2      | 1591 ||| DRINKING 2 metallic amethyst potions.
  1668 | D:3      | Found a broken altar of Ashenzari.
  1759 | D:3      | Noticed Jessica
  1762 | D:3      | Killed Jessica
  1763 | D:3      | Reached skill level 5 in Ranged Weapons
  1795 | D:3      | HP: 9/37 [gnoll/+0 spear (2)]
  1796 | D:3      | 1796 ||| READING scroll of teleportation.
  1797 | D:3      | 1797 ||| DRINKING potion of heal wounds.
  1908 | D:3      | Found a radiant altar of Vehumet.
  1909 | D:3      | Found a bloodstained altar of Trog.
  1913 | D:3      | Found a hide-covered altar of Uskayaw.
  1947 | D:3      | Noticed Ijyb
  1955 | D:3      | Killed Ijyb
  1956 | D:3      | Reached skill level 3 in Fighting
  1956 | D:3      | Reached XP level 5. HP: 24/45 MP: 5/5
  2055 | D:3      | Noticed Grinder
  2090 | D:3      | HP: 11/45 [Grinder (4)]
  2091 | D:3      | Paralysed by Grinder for 5 turns
  2095 | D:3      | HP: 2/45 [Grinder/nerve-wracking pain (7)]
  2099 | D:3      | Killed from afar by Grinder

Levels and vault maps discovered:
D:1:      spicycebolla_arrival_risky_transporter, layout_loops_ring,
          ebering_ecumenical_altar_box
D:2:      minmay_chambers_of_twos, layout_basic
D:3:      layout_basic, nicolae_overflow_macrodata_refinement, uniq_ijyb,
          uniq_grinder, uniq_jessica

Skill      XL: |  1  2  3  4 |
---------------+-------------+-----
Ranged Weapons | 3 4 5 |  5.1
Fighting       | 2 3 |  3.2
Dodging        | |  2.1
Spellcasting   | |  1.0
Hexes          | |  2.0

Action                     |  1- 3 |  4- 6 || total
---------------------------+-------+-------++-------
   Fire: Sling             |   153 |    81 ||   234
    Use: Scroll            |     2 |     5 ||     7
         Potion            |     1 |     2 ||     3
 Armour: Robe              |     8 |       ||     8
         Leather armour    |    17 |    16 ||    33
  Dodge: Dodged            |    70 |    30 ||   100

Table legend:
 A = Non-vault XP
 B = Vault XP
 C = Vault XP percentage of total XP
 D = Non-vault monster count
 E = Vault monster count
 F = Vault count percentage of total count
                 A         B        C        D         E       F
            +---------+---------+-------+---------+---------+-------
      Total |     147 |      85 |  36.6 |      52 |      10 |  16.1
            +---------+---------+-------+---------+---------+-------
        D:1 |      46 |       0 |   0.0 |      28 |       0 |   0.0
        D:2 |      47 |      15 |  24.2 |      13 |       8 |  38.1
        D:3 |      54 |      70 |  56.5 |      11 |       2 |  15.4
            +---------+---------+-------+---------+---------+-------
